 Dungeon Crawl Stone Soup version 0.28.0-45-g0d030f2227 (webtiles) character file.

Game seed: 11616424872415655519

16639 Zeld the Destroyer (level 12, -22/94 HPs)
             Began as a Grey Draconian Conjurer on Apr 8, 2022.
             Was a Priest of Vehumet.
             Annihilated by a boulder beetle (44 damage)
             ... on level 12 of the Dungeon.
             The game lasted 00:22:40 (20167 turns).

Zeld the Destroyer (Grey Draconian Conjurer)       Turns: 20167, Time: 00:22:41

Health: -22/94     AC: 20    Str:  9    XL:     12   Next: 11%
Magic:  5/25       EV: 12    Int: 27    God:    Vehumet [***...]
Gold:   117        SH:  0    Dex: 10    Spells: 18/29 levels left

rFire   . . .      SeeInvis .   (no weapon)
rCold   . . .      Faith    .   (no shield)
rNeg    . . .      Spirit   .   (armour unavailable)
rPois   .          Reflect  .   F - +2 hat {Int+3}
rElec   .          Harm     .   E - +2 cloak
rCorr   .          Rampage  .   r - +0 pair of gloves
Will    .....                   k - +0 pair of boots
Stlth   ++........              (no amulet)
HPRegen 0.25/turn               B - ring of wizardry
MPRegen 0.19/turn               (no ring)

@: about to teleport
A: AC +13, amphibious, unfitting armour, cold-blooded
a: Renounce Religion


You were on level 12 of the Dungeon.
You worshipped Vehumet.
Vehumet was most pleased with you.
You visited 3 branches of the dungeon, and saw 14 of its levels.

You collected 539 gold pieces.
You spent 422 gold pieces at shops.

Inventory:

Armour
 k - a +0 pair of boots (worn)
 r - a +0 pair of gloves (worn)
 E - a +2 cloak (worn)
 F - a +2 hat of intelligence (worn)
Jewellery
 e - a ring of protection from cold
 B - a ring of wizardry (left hand)
Wands
 c - a wand of digging (5)
 l - a wand of polymorph (3)
 y - a wand of mindburst (9)
 A - a wand of iceblast (14)
 C - a wand of flame (23)
Scrolls
 b - 4 scrolls of fear
 f - 7 scrolls of teleportation
 p - 6 scrolls of amnesia
 s - 6 scrolls of blinking
 t - a scroll of enchant weapon
 w - a scroll of enchant armour
Potions
 a - 3 potions of cancellation {unknown}
 d - a potion of lignification {unknown}
 g - 2 potions of mutation {unknown}
 h - 3 potions of invisibility {unknown}
 i - a potion of heal wounds {unknown}
 j - 3 potions of curing {unknown}
 m - 2 potions of might
 n - 3 potions of flight
 o - 2 potions of brilliance {unknown}
 q - a potion of magic {unknown}
 u - a potion of attraction {unknown}
 v - a potion of haste {unknown}
 z - 4 potions of ambrosia


   Skills:
 - Level 5.0 Fighting
 - Level 2.0 Dodging
 - Level 2.0 Stealth
 + Level 9.1 Spellcasting
 - Level 12.0 Conjurations
 - Level 2.0 Hexes
 - Level 2.0 Translocations
 - Level 12.0 Earth Magic
 + Level 6.7 Evocations


You had 18 spell levels left.
You knew the following spells:

 Your Spells              Type           Power      Damage    Failure   Level
a - Magic Dart            Conj           100%       1d8       1%          1
b - Searing Ray           Conj           100%       2d8       1%          2
c - Fulminant Prism       Conj/Hex       25%        3d14      1%          4
d - Iskenderun's Mystic   Conj/Tloc      50%        2d11      1%          4

Your spell library contained the following spells:

 Spells                   Type           Power      Damage    Failure   Level
 Sticky Flame             Conj/Fire      44%        2d6       1%          4
 Apportation              Tloc           46%        N/A       1%          1
 Blink                    Tloc           46%        N/A       1%          2
 Ensorcelled Hibernation  Hex/Ice        34%        N/A       1%          2
 Passwall                 Tmut/Erth      36%        N/A       1%          2
 Static Discharge         Conj/Air       44%        N/A       1%          2
 Dazzling Flash           Conj/Hex       100%       N/A       1%          3
 Ozocubu's Armour         Ice            12%        N/A       6%          3
 Swiftness                Air            12%        N/A       6%          3
 Dispel Undead            Necr           12%        3d9       19%         4
 Manifold Assault         Tloc           23%        N/A       22%         5
 Metabolic Englaciation   Hex/Ice        8%         N/A       32%         5
 Alistair's Intoxication  Tmut/Pois      8%         N/A       45%         5
 Shatter                  Erth           33%        3d27*     93%         9
 Simulacrum               Ice/Necr       6%         N/A       94%         6
 Storm Form               Tmut/Air       6%         N/A       100%        7
 Chain Lightning          Conj/Air       22%        3d29      100%        9
 Fire Storm               Conj/Fire      22%        8d6       100%        9


Dungeon Overview and Level Annotations

Branches:
Dungeon (12/15)            Temple (1/1) D:7            Lair (1/6) D:9
    Orc: D:9-12

Altars:
Ashenzari
Cheibriados
Dithmenos
Elyvilon
Fedhas
Gozag
Hepliaklqana
Kikubaaqudgha
Makhleb
Nemelex Xobeh
Okawaru
Qazlal
Ru
Sif Muna
Trog
Uskayaw
Vehumet
Wu Jian
Xom
Yredelemnul
Zin
The Shining One

Shops:
D:4 !   D:10 *

Annotations:
D:12 3 runed translucent doors, exclusion: door, pkoi's ghost, journeyman DgWr
Lair:1 Grum


Innate Abilities, Weirdness & Mutations

Your dull iron-grey scales are very hard. (AC +13)
You are amphibious.
You cannot fit into any form of body armour.
You are cold-blooded and may be slowed by cold attacks.


Message History

Vehumet accepts your kill.
Unknown command.
You start resting.
An orc comes into view. It is wielding a +0 dagger.
An orc is nearby!
Casting: Iskenderun's Mystic Blast (safe; 1% risk of failure)
Confirm with . or Enter, or press ? or * to list all spells.
Aiming: Magic Dart (safe; 1% risk of failure)
Press: ? - help, Shift-Dir - straight line, f - orc
Aim: an orc, wielding a +0 dagger and wearing a +0 ring mail (100% to hit)
The magic dart hits the orc.
The orc is almost dead.
Unknown command.
Casting: Magic Dart (safe; 1% risk of failure)
Confirm with . or Enter, or press ? or * to list all spells.
Aiming: Magic Dart (safe; 1% risk of failure)
Press: ? - help, Shift-Dir - straight line, f/p - orc
Aim: an orc, wielding a +0 dagger and wearing a +0 ring mail (almost dead, 100% to hit)
The magic dart hits the orc.
You kill the orc!
Vehumet accepts your kill.
You feel your power returning.
Casting: Magic Dart (safe; 1% risk of failure)
Confirm with . or Enter, or press ? or * to list all spells.
You can't see any susceptible monsters within range! (Use Z to cast anyway.) Unknown command.
You start resting.
A boulder beetle is nearby!
A boulder beetle is nearby!
A boulder beetle is nearby!
A boulder beetle is nearby!
The boulder beetle curls into a ball and begins rolling!
You see here a +0 battleaxe.
A skeletal warrior comes into view. It is wielding a +0 trident.
Things that are here:
a +0 flail; a +0 leather armour
As you read the scroll of teleportation, it crumbles to dust.
You feel strangely unstable. The boulder beetle hits you!!!
You die...

........'.#.............# #.+.##
........#>#....z........####.#...
........#.#.............##...###z
.....<..#.+....z........'..### ..
........###.............#### #
##'###### #.............# # #†###
#####'######### # #...# #.##
######## ###.# #.@# #.......
####.### ##B# #....... .......#
#○# #.......
.......#########°#########.......
.......##.°B..○°.........')...>..
..?.....°°######.#########..)....
.......##.# #.# #...)).(
#.#######.# ### #####'## #. #..
#.#


You could see a boulder beetle (rolling) and 2 skeletal warriors.

Vanquished Creatures
  Gastronok (D:9)
  An ogre mage (D:11)
  3 hydras
  A two-headed ogre (D:8)
  Sonja (D:10)
  A skeletal warrior (D:12)
  A deep elf pyromancer (D:9)
  An ugly thing (D:11)
  2 manticores
  A cyclops (D:11)
  A komodo dragon (D:9)
  2 trolls
  A blink frog (D:11)
  Sigmund (D:5)
  2 shadows
  2 wyverns
  15 yaks
  A wraith (D:11)
  Eustachio (D:6)
  A basilisk (D:11)
  6 vampire mosquitoes (D:10)
  An acid dragon (D:11)
  A water moccasin (Lair:1)
  3 orc warriors
  2 sky beasts
  An ice beast (D:5)
  A black bear (D:5)
  12 centaurs
  2 necrophages
  An ogre (D:12)
  2 wolves
  A phantom (D:7)
  4 kobold brigands
  3 bullfrogs
  A gnoll sergeant (D:9)
  2 scorpions
  A wyvern zombie (D:8)
  A water moccasin zombie (D:5)
  5 wights (D:8)
  2 howler monkeys
  3 hounds
  3 centaur zombies
  2 jellies
  6 orc priests
  A bullfrog skeleton (D:5)
  2 centaur skeletons
  A gnoll shaman (D:8)
  3 iguanas
  A scorpion zombie (D:5)
  4 orc wizards
  A hound skeleton (D:5)
  16 gnolls
  8 adders
  A white imp (D:7)
  A howler monkey simulacrum (D:11)
  An ufetubus (D:6)
  An adder skeleton (D:5)
  2 worms
  22 orcs
  3 bats
  7 endoplasms
  5 giant cockroaches (D:1)
  2 hobgoblins
  3 jackals (D:3)
  22 kobolds
  3 quokkas
  3 ball pythons
  4 frilled lizards
  6 goblins
  5 rats
  A fulminant prism (D:12)
235 creatures vanquished.

Vanquished Creatures (others)
  15 fulminant prisms
  4 plants (D:9)
19 creatures vanquished.

Grand Total: 254 creatures vanquished

Notes
Turn   | Place    | Note
-------+----------+-------------------------------------------
     0 | D:1      | Zeld the Draconian Conjurer began the quest for the Orb.
     0 | D:1      | Reached XP level 1. HP: 14/14 MP: 3/3
   408 | D:1      | Reached XP level 2. HP: 20/20 MP: 1/5
   417 | D:1      | Learned a level 2 spell: Searing Ray
   914 | D:1      | Reached XP level 3. HP: 26/26 MP: 1/6
  2214 | D:3      | Reached skill level 5 in Conjurations
  2360 | D:3      | Reached XP level 4. HP: 33/33 MP: 3/8
  2446 | D:3      | Learned a level 4 spell: Fulminant Prism
  2965 | D:3      | Found a faded altar of an unknown god.
  3303 | D:4      | Found a glowing golden altar of the Shining One.
  3404 | D:4      | Reached XP level 5. HP: 34/38 MP: 1/9
  3733 | D:4      | Found Zugge's Distillery.
  3741 | D:4      | Bought a potion of might for 40 gold pieces
  3741 | D:4      | Bought a potion of flight for 30 gold pieces
  4265 | D:4      | Learned a level 4 spell: Iskenderun's Mystic Blast
  4962 | D:5      | Entered Level 5 of the Dungeon
  4992 | D:5      | Reached XP level 6. HP: 45/45 MP: 5/11
  5395 | D:5      | Noticed an ice beast
  5437 | D:5      | Killed an ice beast
  5732 | D:5      | Identified the +0 scale mail of the Vaults {Harm Will+}
  5798 | D:5      | Your scales start taking on a dull iron-grey colour.
  5798 | D:5      | Reached XP level 7. HP: 43/50 MP: 2/13
  5893 | D:5      | Noticed Sigmund
  6217 | D:5      | Reached skill level 1 in Earth Magic
  7300 | D:6      | Noticed Eustachio
  7693 | D:6      | Reached XP level 8. HP: 57/57 MP: 11/15
  8265 | D:7      | Reached skill level 5 in Spellcasting
  8372 | D:7      | Found a staircase to the Ecumenical Temple.
  8382 | Temple   | Entered the Ecumenical Temple
  8525 | Temple   | Became a worshipper of Vehumet
  8941 | D:7      | Reached skill level 5 in Earth Magic
  9018 | D:6      | Killed Eustachio
  9309 | D:5      | Killed Sigmund
  9467 | D:4      | Bought a potion of ambrosia for 80 gold pieces
  9467 | D:4      | Bought a potion of ambrosia for 80 gold pieces
  9930 | D:7      | Noticed a troll
  9939 | D:7      | Killed a troll
  9940 | D:7      | Reached XP level 9. HP: 51/62 MP: 9/17
 10588 | D:8      | Noticed a two-headed ogre
 10827 | D:8      | Reached * piety under Vehumet
 10827 | D:8      | Offered knowledge of Shock by Vehumet.
 11057 | D:8      | Identified the +0 barding "Basichau" {rF+ Regen+ Int-2}
 11066 | D:8      | Reached skill level 1 in Fighting
 11066 | D:8      | Reached skill level 1 in Translocations
 11117 | D:8      | Reached skill level 1 in Hexes
 11298 | D:8      | Noticed a four-headed hydra
 11311 | D:8      | Killed a four-headed hydra
 11312 | D:8      | Reached skill level 10 in Conjurations
 11609 | D:8      | Killed a two-headed ogre
 11610 | D:8      | Reached XP level 10. HP: 74/74 MP: 10/19
 12019 | D:9      | Reached skill level 1 in Evocations
 12124 | D:9      | Found a staircase to the Lair.
 12153 | D:9      | Reached ** piety under Vehumet
 12153 | D:9      | Offered knowledge of Sandblast by Vehumet.
 12471 | D:9      | Found a broken altar of Ashenzari.
 12808 | D:9      | Noticed a deep elf pyromancer
 12815 | D:9      | Killed a deep elf pyromancer
 13011 | D:10     | Entered Level 10 of the Dungeon
 13103 | D:10     | Reached skill level 10 in Earth Magic
 13314 | D:10     | Found Piol's Demolitions Depot.
 13732 | D:10     | Bought a wand of flame (13) for 112 gold pieces
 14002 | D:10     | Noticed Sonja
 14011 | D:10     | Killed Sonja
 14012 | D:10     | Reached XP level 11. HP: 53/85 MP: 13/21
 15176 | D:11     | Noticed a white ugly thing
 15231 | Lair:1   | Entered Level 1 of the Lair of Beasts
 15233 | Lair:1   | Noticed Gastronok
 15297 | D:9      | Killed Gastronok
 15298 | D:9      | Reached skill level 5 in Fighting
 15561 | Lair:1   | Noticed a six-headed hydra
 15562 | Lair:1   | Offered knowledge of Poisonous Vapours by Vehumet.
 15570 | Lair:1   | Noticed Grum
 15899 | D:11     | Reached *** piety under Vehumet
 16097 | D:11     | Killed a white ugly thing
 16106 | D:11     | Noticed an ogre mage
 16110 | D:11     | Paralysed by an ogre mage for 6 turns
 16121 | D:11     | Killed an ogre mage
 16776 | D:11     | Offered knowledge of Sticky Flame by Vehumet.
 16777 | D:11     | Reached skill level 5 in Evocations
 16866 | D:11     | Found an opulent altar of Gozag.
 17783 | D:4      | Bought a potion of ambrosia for 80 gold pieces
 18026 | D:12     | Noticed a boulder beetle
 18063 | D:12     | Found a runed translucent gate.
 18063 | D:12     | Found a runed translucent gate.
 18085 | D:12     | Found a runed translucent gate.
 18086 | D:12     | Noticed an acid blob
 18087 | D:12     | Noticed an acid blob
 18087 | D:12     | Noticed a quicksilver ooze
 18088 | D:12     | Noticed pkoi's ghost (journeyman DgWr)
 18088 | D:12     | Noticed an acid blob
 18090 | D:12     | Noticed an acid blob
 18090 | D:12     | Noticed a quicksilver ooze
 18090 | D:12     | Noticed an acid blob
 18090 | D:12     | Noticed an acid blob
 18090 | D:12     | Noticed an acid blob
 18090 | D:12     | Noticed an acid blob
 18094 | D:12     | Noticed a seven-headed hydra
 19022 | D:12     | Noticed a six-headed hydra
 19330 | D:11     | Found an opulent altar of Gozag.
 19485 | D:11     | Killed a seven-headed hydra
 19837 | D:12     | Killed a six-headed hydra
 19838 | D:12     | Reached XP level 12. HP: 84/94 MP: 10/24
 20167 | D:12     | Annihilated by a boulder beetle

Illustrated notes

Levels and vault maps discovered:
D:1:      dpeg_arrival_tiny_d, layout_loops_cross, minmay_worlds_worst_comb
D:2:      layout_loops_ring
D:3:      layout_loops_ring, basic_ecumenical_altar, dk_noncrumbling_2,
          corexii_corridor_pit
D:4:      layout_layer_cave, mainiacjoe_overflow_tiny_flanked, serial_shops,
          shop
D:5:      layout_loops_corners, abandoned_shop, kennysheep_generic_room_5,
          uniq_sigmund
D:6:      layout_basic, uniq_eustachio
D:7:      layout_basic, minmay_temple_entry_water_ring
D:8:      layout_rooms
D:9:      layout_basic, evilmike_ruin_ashenzari, david_lair_shrubbed
D:10:     layout_loops_corners, nicolae_blasting_shop, uniq_sonja
D:11:     layout_loops_cross, minmay_ruined_shrine
D:12:     layout_roguey, erik_orc_3, gammafunk_ghost_ooze
Temple:   mainiacjoe_temple_big_plus
Lair:1:   layout_roguey, grunt_megastairs_2, uniq_gastronok, uniq_grum

Skill      XL: |  1  2  3  4  5  6  7  8  9 10 11 12 |
---------------+-------------------------------------+-----
Dodging        | 2 |  2.0
Stealth        | 2 |  2.0
Conjurations   | 5 6 7 8 9 10 11 12 | 12.0
Spellcasting   | 3 4 5 6 7 8 9 |  9.1
Earth Magic    | 3 6 8 10 12 | 12.0
Fighting       | 2 4 5 |  5.0
Translocations | 2 |  2.0
Hexes          | 2 |  2.0
Evocations     | 3 6 |  6.7

Action                   |  1- 3 |  4- 6 |  7- 9 | 10-12 || total
-------------------------+-------+-------+-------+-------++-------
Melee: Unarmed           |    68 |     1 |     1 |    10 ||    80
       Tailslap          |     3 |       |       |     3 ||     6
       Punch             |     1 |       |       |       ||     1
 Cast: Magic Dart        |    58 |    18 |    14 |    19 ||   109
       Searing Ray       |     6 |    22 |    69 |   110 ||   207
       Fulminant Prism   |       |     1 |     5 |    10 ||    16
       Iskenderun's Myst |       |       |     1 |     8 ||     9
Evoke: Wand              |       |     2 |     2 |    15 ||    19
  Use: Scroll            |       |       |     6 |    11 ||    17
 Stab: Sleeping          |       |     1 |       |       ||     1
Armor: Skin              |    19 |    30 |    62 |   170 ||   281
Dodge: Dodged            |    61 |    43 |    76 |   160 ||   340
